 Dungeon Crawl Stone Soup version 0.22-a0-482-g76e0a5f (webtiles) character file.

2 epen the Digger (level 1, 0/11 HPs)
             Began as an Octopode Earth Elementalist on June 17, 2018.
             Slain by a leopard gecko (2 damage)
             ... on level 1 of the Dungeon.
             The game lasted 00:00:14 (44 turns).

epen the Digger (Octopode Earth Elementalist)         Turns: 44, Time: 00:00:15

Health: 0/11       AC:  1    Str:  7    XL:     1   Next: 30%
Magic:  1/3        EV: 13    Int: 17    God:
Gold:   0          SH:  0    Dex: 12    Spells: 3/4 levels left

rFire    . . .     SeeInvis .   (no weapon)
rCold    . . .     Gourm    .   (no shield)
rNeg     . . .     Faith    .   (helmet restricted)
rPois    .         Spirit   .   (no amulet)
rElec    .         Reflect  .   (no ring)
rCorr    .         Harm     .   (no ring)
MR       .....                  (no ring)
Stlth    +++.......             (no ring)
HPRegen  0.03/turn              (no ring)
MPRegen  0.08/turn              (no ring)
                                (no ring)
                                (no ring)

@: very slightly contaminated
A: almost no armour, stealthy swim, amphibious, 8 rings, constrict 8, camouflage
1, gelatinous body 1
a: no special abilities


You were on level 1 of the Dungeon.
You were not hungry.

You visited 1 branch of the dungeon, and saw 1 of its levels.

Inventory:

Missiles
 b - 29 stones (quivered)
Comestibles
 c - a ration


   Skills:
 + Level 0.0 Fighting
 + Level 2.0 Dodging
 - Level 2.6 Stealth
 * Level 0.1 Unarmed Combat
 + Level 2.0 Spellcasting
   Level 1.0 Transmutations
 + Level 3.0 Earth Magic


You had 3 spell levels left.
You knew the following spells:

 Your Spells              Type           Power        Failure   Level  Hunger
a - Sandblast             Erth           ##....       5%          1    #......

Your spell library contained the following spells:

 Spells                   Type           Power        Failure   Level  Hunger
 Stone Arrow              Conj/Erth      #.....       30%         3    ###....
 Passwall                 Tmut/Erth      #.......     13%         2    ###....
 Lee's Rapid Deconstruct  Erth           ##........   83%         5    ######.
 Petrify                  Tmut/Erth      #.......     63%         4    #####..


Dungeon Overview and Level Annotations

Branches:
Dungeon (1/15)

Altars:


Innate Abilities, Weirdness & Mutations

You cannot wear most types of armour.
You are very stealthy in the water. (Stealth+)
You are amphibious.
You can wear up to eight rings at the same time.
You can use your tentacles to constrict eight enemies at once.
Your skin changes colour to match your surroundings (Stealth+).
Your rubbery body absorbs attacks. (AC +1, EV +1)


Message History

The giant cockroach barely misses you. The leopard gecko barely misses you.
The giant cockroach misses you.
Casting: Sandblast (safe; 5% risk of failure)
Confirm with . or Enter, or press ? or * to list all spells.
Aiming: Sandblast (safe; 5% risk of failure)
Press: ? - help, Shift-Dir - straight line, f - leopard gecko
Aim: a leopard gecko (clinging)
You miscast Sandblast.
You are very lightly contaminated with residual magic.
Nothing appears to happen.
The leopard gecko barely misses you.
Casting: Sandblast (safe; 5% risk of failure)
Confirm with . or Enter, or press ? or * to list all spells.
Aiming: Sandblast (safe; 5% risk of failure)
Press: ? - help, Shift-Dir - straight line, f/p - leopard gecko
Aim: a leopard gecko (clinging)
The blast of sand hits the leopard gecko.
The leopard gecko is heavily wounded.
b - 29 stones The leopard gecko bites you.
You die...

≈≈§≈§#≈≈#.# ≈≈§≈≈§≈≈##.#
§≈≈#§≈§≈≈##.#
§§§≈≈≈§§###.########
≈≈§§≈≈### #......... .
#######.######## ## . .
................ .#.#..
#######.###########.#....
#>.@ls....%........
#####.........(....
#..............
#..............
#......††......
#............#.
#....#+##...... #....#
....#. #....# ....#


You could see a leopard gecko and a giant cockroach.

Vanquished Creatures
  A hobgoblin (D:1)
  A frilled lizard (D:1)
2 creatures vanquished.

Notes
Turn   | Place    | Note
-------+----------+-------------------------------------------
     0 | D:1      | epen the Octopode Earth Elementalist began the quest for the Orb.
     0 | D:1      | Reached XP level 1. HP: 11/11 MP: 3/3
    44 | D:1      | Slain by a leopard gecko

Vault maps used:
D:1:      lightli_molten_gateway, nrook_loot_triangle

Action                   || total
-------------------------++-------
Melee: Unarmed           ||     6
       Constrict         ||     2
 Cast: Sandblast         ||     1
Armor: Skin              ||     1
Dodge: Dodged            ||    10

Table legend:
 A = Spawn XP
 B = Non-spawn XP
 C = Spawn XP percentage of total XP
 D = Spawn monster count
 E = Non-spawn monster count
 F = Spawn count percentage of total count
 G = Total turns spent on level
                    A         B        C        D         E        F      G
               +---------+---------+-------+---------+---------+-------+---------
         Total |       0 |       3 |   0.0 |       0 |       2 |   0.0 |    44
               +---------+---------+-------+---------+---------+-------+---------
           D:1 |       0 |       3 |   0.0 |       0 |       2 |   0.0 |    44
               +---------+---------+-------+---------+---------+-------+---------
